[ AOE2 MATCH · #489785301 ]
UnrankedDravidians vs Italians
[ REPLAY ANALYSIS · EXTRACTED FROM THE RECORDED GAME ]
Feudal
12:25
Castle
22:14
Imperial
—
| APM avg | 42.3 |
| APM peak | 89 |
| eAPM avg | 12.5 |
| Villagers / military | 40 / 48 |
Focus
⚔️ 43.9% · 🌾 56.1%
Archer ×43 · Fishing Ship ×9 · Mangonel ×2 · Scorpion ×2 · Skirmisher ×1
Feudal
17:11
Castle
29:17
Imperial
—
| APM avg | 53.2 |
| APM peak | 82 |
| eAPM avg | 25.4 |
| Villagers / military | 51 / 28 |
Focus
⚔️ 13.9% · 🌾 86.1%
Fishing Ship ×29 · Galley ×27 · Fire Galley ×1
Feudal
13:07
Castle
—
Imperial
—
| APM avg | 20.1 |
| APM peak | 59 |
| eAPM avg | 7.4 |
| Villagers / military | 39 / 6 |
Focus
⚔️ 15.6% · 🌾 84.4%
Fishing Ship ×11 · Fire Galley ×6 · Unknown (2626) ×3
Feudal
15:09
Castle
19:06
Imperial
—
| APM avg | 34.7 |
| APM peak | 65 |
| eAPM avg | 12.9 |
| Villagers / military | 60 / 29 |
Focus
⚔️ 20.2% · 🌾 79.8%
Knight ×23 · Fishing Ship ×14 · Monk ×6
Feudal
13:13
Castle
18:48
Imperial
—
| APM avg | 30.8 |
| APM peak | 48 |
| eAPM avg | 16.8 |
| Villagers / military | 52 / 45 |
Focus
⚔️ 30.3% · 🌾 69.7%
Fire Lancer ×34 · Fishing Ship ×16 · Rattan Archer ×7 · Battering Ram ×4
Feudal
13:11
Castle
26:05
Imperial
—
| APM avg | 36.4 |
| APM peak | 61 |
| eAPM avg | 13.9 |
| Villagers / military | 48 / 55 |
Focus
⚔️ 32.0% · 🌾 68.0%
Archer ×28 · Skirmisher ×27 · Fishing Ship ×13
Match map
Initial resources + every placement click. Lines = walls · curves = elevation contours. ◆ gold · ⬟ stone · ● berries · ✦ relic · ◌ wall gap
Your base· Open — unwalled flank
MZTK | SIRO's base· Open — unwalled flank
Sycamore's base· Open — 9t gap
gn02128453's base· Open — 8t gap
firefighter25's base· Open — unwalled flank
linwei81916's base· Open — unwalled flank
Smoothed initial terrain · ◌ = detected wall gap · hover for details
Inputs per minute
— DS_Gitano Urbano - - MZTK | SIRO
Build order — DS_Gitano Urbano
138 actions detected in the replay
| 0:21 | Build | Town Center |
| 1:14 | Build | Dock |
| 2:33 | Create | Villager (Male) |
| 2:33 | Create | Villager (Male) |
| 2:34 | Create | Villager (Male) |
| 2:49 | Create | Villager (Male) |
| 3:33 | Create | Fishing Ship |
| 3:50 | Create | Villager (Male) |
| 4:26 | Create | Villager (Male) |
| 4:51 | Build | House |
| 4:53 | Research | Loom |
| 5:05 | Create | Villager (Male) |
| 5:24 | Create | Villager (Male) |
| 5:31 | Create | Villager (Male) |
| 5:55 | Create | Fishing Ship |
| 6:14 | Create | Villager (Male) |
| 6:26 | Build | House |
| 6:35 | Create | Villager (Male) |
| 6:59 | Create | Villager (Male) |
| 7:00 | Create | Villager (Male) |
| 7:13 | Create | Fishing Ship |
| 7:19 | Build | House |
| 7:51 | Create | Fishing Ship |
| 8:06 | Create | Villager (Male) |
| 8:32 | Build | Mill |
| 8:42 | Create | Villager (Male) |
| 8:49 | Build | House |
| 8:50 | Build | House |
| 8:54 | Create | Villager (Male) |
| 9:34 | Create | Villager (Male) |
| 9:39 | Build | House |
| 10:00 | Build | House |
| 10:15 | Research | Feudal Age |
| 10:40 | Build | Lumber Camp |
| 11:28 | Build | Dock |
| 11:51 | Build | Barracks |
| 12:25 | Age | Feudal Age |
| 12:27 | Create | Villager (Male) |
| 12:28 | Research | Double-Bit Axe |
| 12:36 | Build | Archery Range |
| 12:44 | Create | Villager (Male) |
| 13:06 | Build | Archery Range |
| 13:11 | Create | Villager (Male) |
| 13:20 | Create | Villager (Male) |
| 13:25 | Build | House |
| 13:39 | Create | Archer |
| 13:49 | Build | Blacksmith |
| 13:57 | Create | Villager (Male) |
| 13:57 | Create | Archer |
| 14:10 | Research | Town Watch |
| 14:15 | Create | Villager (Male) |
| 14:19 | Create | Archer |
| 14:20 | Create | Archer |
| 14:31 | Research | Fletching |
| 14:39 | Create | Archer |
| 14:39 | Create | Archer |
| 14:48 | Create | Archer |
| 15:08 | Create | Archer |
| 15:31 | Create | Archer |
| 15:31 | Create | Archer |
| 15:42 | Create | Villager (Male) |
| 15:42 | Create | Villager (Male) |
| 15:57 | Create | Archer |
| 15:57 | Create | Archer |
| 15:59 | Create | Villager (Male) |
| 16:20 | Create | Archer |
| 16:38 | Create | Archer |
| 16:39 | Create | Villager (Male) |
| 16:45 | Create | Skirmisher |
| 17:03 | Build | Market |
| 17:10 | Create | Archer |
| 17:36 | Create | Villager (Male) |
| 17:43 | Create | Archer |
| 18:04 | Create | Villager (Male) |
| 18:09 | Build | House |
| 18:12 | Research | Wheelbarrow |
| 18:26 | Create | Villager (Male) |
| 18:44 | Create | Archer |
| 18:44 | Create | Archer |
| 19:19 | Create | Archer |
| 19:31 | Research | Castle Age |
| 20:13 | Research | Padded Archer Armor |
| 20:44 | Create | Archer |
| 20:44 | Create | Archer |
| 20:45 | Create | Archer |
| 20:46 | Create | Archer |
| 20:52 | Create | Villager (Male) |
| 21:08 | Create | Archer |
| 21:24 | Create | Archer |
| 21:44 | Create | Archer |
| 22:14 | Age | Castle Age |
| 22:16 | Build | University |
| 22:26 | Research | Bodkin Arrow |
| 22:32 | Research | Crossbowman (upgrade) |
| 22:45 | Create | Villager (Male) |
| 22:47 | Create | Archer |
| 23:07 | Research | Ballistics |
| 23:11 | Create | Villager (Male) |
| 23:12 | Create | Archer |
| 23:13 | Create | Archer |
| 23:21 | Create | Archer |
| 23:37 | Build | House |
| 23:51 | Create | Archer |
| 23:54 | Build | House |
| 24:30 | Create | Archer |
| 24:30 | Create | Archer |
| 24:52 | Create | Villager (Male) |
| 25:08 | Create | Archer |
| 25:14 | Create | Archer |
| 25:15 | Create | Archer |
| 25:38 | Create | Villager (Male) |
| 25:39 | Create | Villager (Male) |
| 25:45 | Build | Siege Workshop |
| 26:07 | Build | House |
| 26:09 | Build | Dock |
| 26:31 | Create | Villager (Male) |
| 26:51 | Create | Archer |
| 26:52 | Create | Archer |
| 26:53 | Research | Elite Skirmisher (upgrade) |
| 27:13 | Build | House |
| 27:28 | Create | Villager (Male) |
| 27:40 | Create | Archer |
| 27:41 | Create | Archer |
| 27:42 | Create | Archer |
| 27:50 | Create | Villager (Male) |
| 27:53 | Create | Fishing Ship ×5 |
| 27:56 | Build | House |
| 28:12 | Build | House |
| 28:13 | Create | Mangonel |
| 28:43 | Create | Villager (Male) |
| 28:48 | Research | Tech 906 |
| 28:56 | Create | Mangonel |
| 29:12 | Create | Scorpion |
| 29:12 | Create | Scorpion |
| 29:21 | Build | Monastery |
| 30:05 | Research | Hand Cart |
| 30:16 | Create | Archer |
| 30:16 | Create | Archer |
Build order — MZTK | SIRO
First 150 of 174 actions detected
| 1:15 | Build | Town Center |
| 1:34 | Build | Town Center |
| 2:29 | Build | House |
| 3:41 | Create | Villager (Male) |
| 3:41 | Create | Villager (Male) |
| 3:41 | Create | Villager (Male) |
| 3:42 | Create | Villager (Male) |
| 3:42 | Create | Villager (Male) |
| 4:56 | Create | Villager (Male) |
| 5:06 | Build | Dock |
| 5:25 | Create | Villager (Male) |
| 6:25 | Create | Villager (Male) |
| 6:25 | Create | Villager (Male) |
| 6:34 | Build | House |
| 6:48 | Build | House |
| 6:49 | Create | Villager (Male) |
| 7:19 | Create | Villager (Male) |
| 7:19 | Create | Villager (Male) |
| 7:38 | Create | Villager (Male) |
| 7:39 | Create | Villager (Male) |
| 8:16 | Create | Fishing Ship |
| 8:16 | Create | Fishing Ship |
| 8:26 | Create | Villager (Male) |
| 8:26 | Create | Villager (Male) |
| 8:38 | Create | Fishing Ship |
| 8:38 | Create | Fishing Ship |
| 9:07 | Create | Villager (Male) |
| 9:07 | Create | Villager (Male) |
| 9:08 | Create | Villager (Male) |
| 9:11 | Create | Fishing Ship |
| 9:11 | Create | Fishing Ship |
| 9:45 | Build | House |
| 9:56 | Create | Villager (Male) |
| 10:02 | Build | Mill |
| 10:15 | Create | Villager (Male) |
| 10:26 | Create | Villager (Male) |
| 10:31 | Create | Fishing Ship |
| 10:37 | Build | House |
| 10:57 | Create | Fishing Ship |
| 11:18 | Build | House |
| 11:28 | Create | Villager (Male) |
| 11:57 | Build | House |
| 12:00 | Create | Villager (Male) |
| 12:08 | Create | Fishing Ship |
| 12:21 | Create | Villager (Male) |
| 12:31 | Build | House |
| 12:44 | Create | Fishing Ship |
| 12:58 | Create | Villager (Male) |
| 13:05 | Build | House |
| 13:14 | Build | Mill |
| 13:27 | Build | Dock |
| 13:39 | Create | Villager (Male) |
| 13:59 | Create | Villager (Male) |
| 14:08 | Create | Fishing Ship |
| 14:14 | Create | Fishing Ship |
| 14:29 | Research | Loom |
| 14:30 | Create | Villager (Male) |
| 14:42 | Create | Fishing Ship |
| 14:52 | Build | House |
| 15:01 | Research | Feudal Age |
| 15:01 | Research | Feudal Age |
| 15:02 | Research | Feudal Age |
| 15:21 | Build | Dock |
| 15:45 | Create | Fishing Ship |
| 16:33 | Create | Fishing Ship |
| 16:40 | Create | Villager (Male) |
| 16:44 | Build | House |
| 17:11 | Age | Feudal Age |
| 17:23 | Create | Fire Galley |
| 17:27 | Create | Galley |
| 17:39 | Create | Villager (Male) |
| 17:42 | Build | House |
| 17:48 | Create | Galley |
| 17:50 | Create | Galley |
| 18:23 | Create | Villager (Male) |
| 18:29 | Create | Galley |
| 18:30 | Create | Galley |
| 18:43 | Build | Lumber Camp |
| 18:57 | Create | Villager (Male) |
| 18:57 | Create | Villager (Male) |
| 19:14 | Create | Galley |
| 19:14 | Create | Galley |
| 19:48 | Build | Dock |
| 19:58 | Research | Double-Bit Axe |
| 20:00 | Create | Villager (Male) |
| 20:03 | Build | Farm |
| 20:06 | Build | Farm |
| 20:17 | Create | Galley |
| 20:18 | Create | Galley |
| 20:18 | Create | Galley |
| 20:28 | Create | Villager (Male) |
| 20:29 | Create | Villager (Male) |
| 20:29 | Create | Villager (Male) |
| 20:52 | Build | Blacksmith |
| 21:11 | Create | Galley |
| 21:21 | Create | Villager (Male) |
| 21:21 | Create | Villager (Male) |
| 21:37 | Build | House |
| 21:38 | Build | House |
| 21:40 | Create | Galley |
| 21:40 | Create | Galley |
| 21:40 | Create | Galley |
| 22:33 | Create | Villager (Male) |
| 22:44 | Create | Fishing Ship |
| 22:45 | Create | Fishing Ship |
| 22:52 | Create | Fishing Ship |
| 22:52 | Create | Fishing Ship |
| 23:01 | Build | House |
| 23:01 | Build | House |
| 23:07 | Research | Town Watch |
| 23:07 | Research | Town Watch |
| 23:09 | Create | Villager (Male) |
| 23:09 | Create | Villager (Male) |
| 23:17 | Build | Lumber Camp |
| 23:24 | Create | Fishing Ship |
| 23:27 | Create | Fishing Ship |
| 23:48 | Build | Dock |
| 24:07 | Build | Market |
| 24:16 | Create | Villager (Male) |
| 24:16 | Create | Villager (Male) |
| 24:33 | Create | Fishing Ship |
| 24:34 | Create | Fishing Ship |
| 25:09 | Create | Fishing Ship |
| 25:10 | Create | Fishing Ship |
| 25:10 | Create | Fishing Ship |
| 25:17 | Build | House |
| 25:19 | Build | House |
| 25:26 | Create | Villager (Male) |
| 25:29 | Build | Mining Camp |
| 25:36 | Create | Villager (Male) |
| 25:47 | Create | Villager (Male) |
| 25:47 | Create | Villager (Male) |
| 26:07 | Create | Fishing Ship |
| 26:08 | Create | Fishing Ship |
| 26:09 | Create | Fishing Ship |
| 26:24 | Build | House |
| 26:25 | Build | House |
| 26:37 | Research | Castle Age |
| 26:37 | Research | Castle Age |
| 26:55 | Create | Galley |
| 26:55 | Create | Galley |
| 26:56 | Create | Galley |
| 26:56 | Create | Galley |
| 26:57 | Create | Galley |
| 26:58 | Create | Galley |
| 27:08 | Research | Fletching |
| 27:09 | Research | Fletching |
| 27:13 | Research | Gold Mining |
| 27:14 | Research | Gold Mining |
| 27:29 | Build | House |
Build order — Sycamore
83 actions detected in the replay
| 0:09 | Build | House |
| 0:33 | Build | Town Center |
| 2:05 | Build | Dock |
| 3:03 | Create | Villager (Male) |
| 3:03 | Create | Villager (Male) |
| 3:03 | Create | Villager (Male) |
| 3:04 | Create | Villager (Male) |
| 3:04 | Create | Villager (Male) |
| 4:25 | Create | Fishing Ship |
| 4:25 | Create | Fishing Ship |
| 4:45 | Create | Villager (Male) |
| 4:45 | Create | Villager (Male) |
| 4:51 | Build | House |
| 4:59 | Create | Fishing Ship |
| 5:00 | Create | Fishing Ship |
| 5:32 | Research | Loom |
| 5:32 | Research | Loom |
| 5:51 | Create | Villager (Male) |
| 5:51 | Create | Villager (Male) |
| 5:58 | Create | Villager (Male) |
| 5:58 | Create | Villager (Male) |
| 6:25 | Create | Villager (Male) |
| 6:25 | Create | Villager (Male) |
| 6:29 | Create | Fishing Ship |
| 6:30 | Create | Fishing Ship |
| 6:40 | Create | Villager (Male) |
| 6:40 | Create | Villager (Male) |
| 6:43 | Create | Villager (Male) |
| 6:44 | Create | Villager (Male) |
| 7:08 | Build | House |
| 7:27 | Build | House |
| 7:30 | Create | Villager (Male) |
| 7:31 | Create | Villager (Male) |
| 8:02 | Create | Villager (Male) |
| 8:02 | Create | Villager (Male) |
| 8:07 | Create | Fishing Ship |
| 8:07 | Create | Fishing Ship |
| 8:29 | Create | Fishing Ship |
| 8:29 | Create | Fishing Ship |
| 8:59 | Create | Villager (Male) |
| 9:04 | Create | Fishing Ship |
| 9:17 | Create | Villager (Male) |
| 9:22 | Create | Villager (Male) |
| 9:22 | Create | Villager (Male) |
| 9:54 | Build | House |
| 9:56 | Build | House |
| 10:35 | Build | Mill |
| 10:56 | Research | Feudal Age |
| 10:56 | Research | Feudal Age |
| 11:55 | Build | Mining Camp |
| 12:32 | Build | Lumber Camp |
| 13:07 | Age | Feudal Age |
| 13:20 | Build | Dock |
| 13:51 | Create | Unit 2626 |
| 13:51 | Create | Unit 2626 |
| 13:53 | Create | Villager (Male) |
| 13:54 | Create | Villager (Male) |
| 13:54 | Create | Villager (Male) |
| 14:05 | Build | House |
| 14:07 | Build | House |
| 14:17 | Create | Fire Galley |
| 14:22 | Create | Unit 2626 |
| 14:36 | Research | Double-Bit Axe |
| 14:36 | Research | Double-Bit Axe |
| 15:12 | Create | Fire Galley |
| 15:21 | Build | Lumber Camp |
| 15:23 | Create | Villager (Male) |
| 15:23 | Create | Villager (Male) |
| 15:23 | Create | Villager (Male) |
| 15:24 | Create | Villager (Male) |
| 16:21 | Create | Villager (Male) |
| 16:22 | Create | Villager (Male) |
| 16:28 | Create | Fire Galley ×4 |
| 16:30 | Create | Villager (Male) |
| 16:30 | Create | Villager (Male) |
| 16:30 | Create | Villager (Male) |
| 16:46 | Research | Wheelbarrow |
| 16:55 | Build | Blacksmith |
| 17:28 | Build | Market |
| 17:45 | Create | Villager (Male) |
| 18:31 | Research | Castle Age |
| 18:31 | Research | Castle Age |
| 18:46 | Create | Villager (Male) |
Build order — gn02128453
First 150 of 171 actions detected
| 0:15 | Build | Town Center |
| 1:36 | Build | Dock |
| 1:40 | Build | House |
| 2:38 | Create | Fishing Ship |
| 2:50 | Create | Villager (Male) |
| 2:51 | Create | Villager (Male) |
| 2:51 | Create | Villager (Male) |
| 2:51 | Create | Villager (Male) |
| 2:51 | Create | Villager (Male) |
| 2:52 | Create | Villager (Male) |
| 4:07 | Create | Fishing Ship |
| 4:18 | Research | Loom |
| 4:31 | Build | House |
| 4:52 | Create | Villager (Male) |
| 5:08 | Create | Fishing Ship |
| 5:24 | Create | Villager (Male) |
| 5:38 | Create | Fishing Ship |
| 6:06 | Create | Villager (Male) |
| 6:11 | Build | House |
| 6:38 | Create | Villager (Male) |
| 6:38 | Create | Villager (Male) |
| 6:40 | Create | Villager (Male) |
| 6:45 | Create | Fishing Ship |
| 7:15 | Create | Villager (Male) |
| 7:29 | Create | Villager (Male) |
| 7:30 | Create | Villager (Male) |
| 7:34 | Build | House |
| 8:05 | Create | Fishing Ship |
| 8:38 | Create | Villager (Male) |
| 8:38 | Create | Villager (Male) |
| 8:46 | Build | Lumber Camp |
| 8:59 | Build | House |
| 9:01 | Create | Fishing Ship |
| 9:21 | Build | House |
| 9:31 | Create | Villager (Male) |
| 9:31 | Create | Villager (Male) |
| 9:52 | Create | Fishing Ship |
| 10:11 | Create | Villager (Male) |
| 10:11 | Create | Villager (Male) |
| 10:37 | Create | Fishing Ship |
| 10:55 | Create | Villager (Male) |
| 11:00 | Build | Mill |
| 11:15 | Build | House |
| 11:26 | Create | Fishing Ship |
| 11:30 | Create | Villager (Male) |
| 11:48 | Create | Villager (Male) |
| 11:48 | Create | Villager (Male) |
| 12:19 | Create | Villager (Male) |
| 12:23 | Create | Fishing Ship |
| 12:36 | Build | Dock |
| 12:41 | Build | House |
| 12:42 | Build | House |
| 12:53 | Research | Feudal Age |
| 12:54 | Research | Feudal Age |
| 13:06 | Build | Barracks |
| 13:18 | Build | Lumber Camp |
| 13:22 | Create | Fishing Ship |
| 13:26 | Create | Fishing Ship |
| 14:00 | Build | Mining Camp |
| 14:34 | Create | Villager (Male) |
| 14:35 | Create | Villager (Male) |
| 14:45 | Create | Fishing Ship |
| 15:09 | Age | Feudal Age |
| 15:19 | Build | Stable |
| 15:26 | Build | Blacksmith |
| 15:36 | Create | Villager (Male) |
| 15:42 | Build | Stable |
| 15:50 | Build | House |
| 15:51 | Build | House |
| 15:56 | Research | Double-Bit Axe |
| 15:57 | Create | Villager (Male) |
| 16:41 | Research | Castle Age |
| 16:41 | Research | Castle Age |
| 16:58 | Build | House |
| 16:59 | Build | House |
| 17:01 | Build | House |
| 17:04 | Research | Scale Barding Armor |
| 17:04 | Research | Forging |
| 17:16 | Research | Horse Collar |
| 17:16 | Research | Horse Collar |
| 17:19 | Build | Farm |
| 17:20 | Build | Farm |
| 17:29 | Research | Gold Mining |
| 17:29 | Research | Gold Mining |
| 17:55 | Research | Bloodlines |
| 18:13 | Build | Fish Trap |
| 18:15 | Build | Fish Trap |
| 18:16 | Build | Fish Trap |
| 18:17 | Build | Fish Trap |
| 18:23 | Research | Tech 906 |
| 18:24 | Research | Tech 906 |
| 18:42 | Research | Forging |
| 18:51 | Create | Villager (Male) |
| 18:51 | Create | Villager (Male) |
| 19:06 | Age | Castle Age |
| 19:10 | Build | Town Center |
| 19:17 | Create | Villager (Male) |
| 19:21 | Create | Knight |
| 19:22 | Create | Knight |
| 19:22 | Create | Knight |
| 19:40 | Create | Knight |
| 19:40 | Create | Knight |
| 19:40 | Create | Knight |
| 20:03 | Research | Bow Saw |
| 20:03 | Research | Bow Saw |
| 20:54 | Create | Villager (Male) |
| 20:54 | Create | Villager (Male) |
| 21:11 | Create | Knight |
| 21:11 | Create | Knight |
| 21:25 | Create | Villager (Male) |
| 21:26 | Create | Villager (Male) |
| 21:28 | Create | Villager (Male) |
| 21:55 | Build | Fish Trap |
| 21:55 | Build | Fish Trap |
| 21:56 | Build | Fish Trap |
| 21:57 | Build | Fish Trap |
| 22:06 | Build | Town Center |
| 22:24 | Research | Chain Barding Armor |
| 22:28 | Create | Knight |
| 22:28 | Create | Knight |
| 22:28 | Create | Knight |
| 22:28 | Create | Knight |
| 22:38 | Build | Monastery |
| 23:09 | Create | Monk |
| 23:34 | Build | Monastery |
| 24:21 | Create | Monk |
| 24:25 | Create | Villager (Male) |
| 24:26 | Create | Villager (Male) |
| 24:27 | Create | Villager (Male) |
| 24:27 | Create | Villager (Male) |
| 24:34 | Build | Farm |
| 24:44 | Create | Knight |
| 24:55 | Research | Iron Casting |
| 25:03 | Build | Stable |
| 25:28 | Build | Stable |
| 25:29 | Create | Villager (Male) |
| 25:29 | Create | Villager (Male) |
| 25:31 | Create | Knight |
| 25:31 | Create | Knight |
| 25:52 | Build | Mining Camp |
| 25:53 | Create | Knight |
| 25:56 | Research | Husbandry |
| 26:11 | Create | Villager (Male) |
| 26:12 | Create | Villager (Male) |
| 26:13 | Create | Villager (Male) |
| 26:56 | Create | Monk |
| 27:02 | Create | Knight |
| 27:02 | Create | Knight |
| 27:03 | Create | Knight |
| 27:16 | Build | Castle |
Build order — firefighter25
First 150 of 176 actions detected
| 0:47 | Build | Town Center |
| 1:02 | Build | Dock |
| 2:52 | Create | Villager (Male) |
| 2:52 | Create | Villager (Male) |
| 2:52 | Create | Villager (Male) |
| 2:53 | Create | Villager (Male) |
| 2:53 | Create | Villager (Male) |
| 3:39 | Create | Fishing Ship |
| 3:40 | Create | Villager (Male) |
| 3:40 | Create | Villager (Male) |
| 4:20 | Create | Fishing Ship |
| 4:45 | Build | House |
| 5:19 | Create | Fishing Ship |
| 5:19 | Create | Fishing Ship |
| 5:37 | Create | Villager (Male) |
| 6:02 | Create | Fishing Ship |
| 6:07 | Create | Villager (Male) |
| 6:07 | Create | Villager (Male) |
| 6:16 | Build | House |
| 6:29 | Create | Villager (Male) |
| 6:50 | Create | Fishing Ship |
| 6:50 | Create | Fishing Ship |
| 6:56 | Create | Villager (Male) |
| 7:20 | Create | Villager (Male) |
| 7:30 | Create | Fishing Ship |
| 7:49 | Create | Villager (Male) |
| 7:58 | Create | Villager (Male) |
| 8:07 | Create | Fishing Ship |
| 8:13 | Build | House |
| 8:16 | Research | Loom |
| 8:31 | Create | Villager (Male) |
| 8:42 | Build | House |
| 8:47 | Create | Villager (Male) |
| 9:10 | Create | Villager (Male) |
| 9:41 | Create | Fishing Ship |
| 9:53 | Create | Villager (Male) |
| 10:16 | Build | Mill |
| 10:21 | Create | Villager (Male) |
| 10:29 | Create | Fishing Ship |
| 10:55 | Build | House |
| 10:56 | Create | Villager (Male) |
| 11:02 | Research | Feudal Age |
| 11:29 | Create | Fishing Ship |
| 12:03 | Build | House |
| 12:11 | Build | Mining Camp |
| 12:24 | Create | Villager (Male) |
| 12:52 | Build | Outpost |
| 13:13 | Age | Feudal Age |
| 13:13 | Build | House |
| 13:17 | Create | Villager (Male) |
| 13:25 | Build | Blacksmith |
| 13:30 | Create | Fishing Ship |
| 13:59 | Create | Villager (Male) |
| 14:12 | Build | Lumber Camp |
| 14:13 | Create | Villager (Male) |
| 14:23 | Create | Fishing Ship |
| 14:48 | Create | Villager (Male) |
| 14:57 | Create | Villager (Male) |
| 15:17 | Build | Market |
| 15:21 | Create | Villager (Male) |
| 15:32 | Create | Fishing Ship |
| 15:36 | Research | Tech 906 |
| 15:53 | Research | Double-Bit Axe |
| 15:59 | Research | Castle Age |
| 16:00 | Research | Castle Age |
| 16:09 | Build | Palisade Wall |
| 16:10 | Build | Palisade Wall |
| 16:24 | Create | Villager (Male) |
| 16:26 | Create | Villager (Male) |
| 16:32 | Build | Outpost |
| 16:41 | Build | Barracks |
| 17:15 | Build | Outpost |
| 17:43 | Research | Stone Mining |
| 18:00 | Research | Arson |
| 18:07 | Research | Town Watch |
| 18:12 | Build | Barracks |
| 18:17 | Research | Scale Mail Armor |
| 18:20 | Create | Villager (Male) |
| 18:33 | Create | Villager (Male) |
| 18:48 | Age | Castle Age |
| 18:51 | Research | Gillnets |
| 19:08 | Build | Castle |
| 19:11 | Create | Fire Lancer |
| 19:14 | Create | Fire Lancer |
| 19:31 | Create | Fire Lancer |
| 19:31 | Create | Fire Lancer |
| 19:34 | Research | Chain Mail Armor |
| 19:39 | Create | Villager (Male) |
| 19:41 | Create | Fishing Ship |
| 20:02 | Build | House |
| 20:12 | Build | House |
| 20:14 | Build | House |
| 20:20 | Build | Palisade Gate |
| 20:29 | Create | Fire Lancer |
| 20:34 | Build | Gate |
| 20:41 | Build | Stone Wall |
| 21:05 | Research | Fletching |
| 21:23 | Build | Mining Camp |
| 21:29 | Research | Gold Mining |
| 21:30 | Create | Villager (Male) |
| 21:47 | Build | Siege Workshop |
| 22:04 | Create | Fire Lancer |
| 22:04 | Create | Fire Lancer |
| 22:11 | Build | Palisade Wall |
| 22:13 | Build | Palisade Wall |
| 22:22 | Research | Squires |
| 22:37 | Build | Palisade Wall |
| 22:38 | Build | Palisade Wall |
| 22:39 | Create | Villager (Male) |
| 22:51 | Create | Battering Ram |
| 22:57 | Create | Fire Lancer |
| 22:57 | Create | Fire Lancer |
| 23:07 | Create | Villager (Male) |
| 23:07 | Create | Villager (Male) |
| 23:13 | Create | Fire Lancer |
| 23:25 | Build | House |
| 23:25 | Create | Villager (Male) |
| 23:30 | Build | House |
| 23:33 | Build | Stone Wall |
| 23:37 | Build | Stone Wall |
| 23:38 | Build | Stone Wall |
| 24:12 | Create | Villager (Male) |
| 24:15 | Create | Battering Ram |
| 24:22 | Create | Fire Lancer |
| 24:23 | Create | Fire Lancer |
| 24:26 | Create | Villager (Male) |
| 24:26 | Create | Villager (Male) |
| 24:29 | Build | House |
| 24:38 | Create | Fire Lancer |
| 24:46 | Create | Villager (Male) |
| 25:06 | Create | Fire Lancer |
| 25:06 | Create | Fire Lancer |
| 25:06 | Create | Fire Lancer |
| 25:07 | Create | Villager (Male) |
| 25:52 | Create | Fire Lancer |
| 25:52 | Create | Fire Lancer |
| 25:55 | Create | Villager (Male) |
| 26:00 | Build | Mining Camp |
| 26:01 | Create | Villager (Male) |
| 26:04 | Create | Rattan Archer |
| 26:06 | Create | Rattan Archer |
| 26:09 | Create | Fire Lancer |
| 26:09 | Create | Fire Lancer |
| 26:47 | Create | Fire Lancer |
| 26:47 | Create | Fire Lancer |
| 27:02 | Create | Rattan Archer |
| 27:03 | Create | Rattan Archer |
| 27:04 | Create | Battering Ram |
| 27:10 | Research | Forging |
| 27:31 | Create | Villager (Male) |
Build order — linwei81916
143 actions detected in the replay
| 0:06 | Build | House |
| 0:46 | Build | Town Center |
| 1:03 | Build | Dock |
| 3:02 | Create | Villager (Male) |
| 3:02 | Create | Villager (Male) |
| 3:02 | Create | Villager (Male) |
| 3:10 | Create | Villager (Male) |
| 3:10 | Create | Villager (Male) |
| 4:00 | Create | Villager (Male) |
| 4:00 | Create | Villager (Male) |
| 4:00 | Create | Villager (Male) |
| 4:56 | Create | Fishing Ship |
| 4:57 | Create | Fishing Ship |
| 4:59 | Create | Villager (Male) |
| 4:59 | Create | Villager (Male) |
| 5:16 | Build | House |
| 5:22 | Research | Loom |
| 5:49 | Create | Villager (Male) |
| 5:50 | Create | Villager (Male) |
| 6:12 | Create | Fishing Ship |
| 6:13 | Create | Fishing Ship |
| 6:25 | Create | Villager (Male) |
| 6:26 | Create | Villager (Male) |
| 6:47 | Build | House |
| 6:54 | Create | Villager (Male) |
| 6:54 | Create | Villager (Male) |
| 6:55 | Create | Fishing Ship |
| 6:55 | Create | Fishing Ship |
| 7:24 | Create | Villager (Male) |
| 7:25 | Create | Villager (Male) |
| 7:41 | Create | Villager (Male) |
| 7:42 | Create | Villager (Male) |
| 7:44 | Create | Fishing Ship |
| 7:44 | Create | Fishing Ship |
| 8:08 | Create | Villager (Male) |
| 8:08 | Create | Villager (Male) |
| 8:08 | Create | Villager (Male) |
| 8:13 | Build | House |
| 8:35 | Create | Fishing Ship |
| 8:35 | Create | Fishing Ship |
| 8:56 | Create | Villager (Male) |
| 8:56 | Create | Villager (Male) |
| 8:56 | Create | Villager (Male) |
| 8:57 | Create | Villager (Male) |
| 8:57 | Create | Villager (Male) |
| 8:57 | Create | Villager (Male) |
| 9:23 | Create | Fishing Ship |
| 9:24 | Create | Fishing Ship |
| 9:24 | Create | Fishing Ship |
| 10:03 | Build | House |
| 10:15 | Create | Villager (Male) |
| 10:29 | Build | Lumber Camp |
| 10:58 | Research | Feudal Age |
| 11:17 | Build | Mining Camp |
| 11:45 | Build | Barracks |
| 12:02 | Build | House |
| 12:52 | Create | Villager (Male) |
| 12:53 | Create | Villager (Male) |
| 13:11 | Age | Feudal Age |
| 13:14 | Build | Archery Range |
| 13:21 | Research | Double-Bit Axe |
| 13:42 | Build | Archery Range |
| 13:58 | Create | Archer |
| 13:58 | Create | Archer |
| 14:08 | Create | Villager (Male) |
| 14:08 | Create | Villager (Male) |
| 14:22 | Build | Mill |
| 14:33 | Create | Archer |
| 14:34 | Create | Archer |
| 14:34 | Create | Archer |
| 14:41 | Build | House |
| 15:05 | Create | Villager (Male) |
| 15:05 | Create | Villager (Male) |
| 15:09 | Create | Archer |
| 15:10 | Create | Archer |
| 15:43 | Create | Archer |
| 15:48 | Create | Archer |
| 15:50 | Create | Villager (Male) |
| 15:57 | Build | Farm |
| 15:59 | Build | Farm |
| 16:25 | Create | Archer |
| 16:26 | Create | Archer |
| 16:34 | Build | House |
| 17:15 | Build | Blacksmith |
| 17:37 | Build | Farm |
| 17:40 | Research | Wheelbarrow |
| 17:46 | Create | Villager (Male) |
| 17:46 | Create | Villager (Male) |
| 18:02 | Research | Fletching |
| 18:04 | Research | Padded Archer Armor |
| 18:17 | Create | Archer ×2 |
| 18:17 | Create | Archer ×2 |
| 18:41 | Create | Archer |
| 19:20 | Create | Archer |
| 19:24 | Create | Skirmisher |
| 19:25 | Create | Skirmisher |
| 19:31 | Build | Mill |
| 19:42 | Create | Skirmisher |
| 19:43 | Create | Skirmisher |
| 20:02 | Create | Skirmisher |
| 20:03 | Create | Skirmisher |
| 20:16 | Create | Skirmisher ×5 |
| 20:16 | Create | Skirmisher ×5 |
| 21:01 | Create | Skirmisher ×5 |
| 21:02 | Create | Villager (Male) |
| 21:03 | Create | Villager (Male) |
| 21:03 | Create | Villager (Male) |
| 21:03 | Create | Villager (Male) |
| 21:23 | Build | House |
| 21:24 | Build | House |
| 21:27 | Create | Villager (Male) |
| 21:27 | Create | Villager (Male) |
| 22:07 | Build | Mining Camp |
| 22:08 | Research | Gold Mining |
| 22:08 | Research | Gold Mining |
| 23:01 | Build | Farm |
| 23:01 | Build | Farm |
| 23:01 | Build | Farm |
| 23:02 | Build | Farm |
| 23:25 | Research | Castle Age |
| 23:32 | Create | Archer |
| 23:33 | Create | Archer |
| 23:33 | Create | Archer |
| 24:18 | Create | Archer |
| 24:18 | Create | Archer |
| 24:19 | Create | Archer |
| 24:19 | Create | Archer |
| 24:56 | Create | Archer ×2 |
| 24:57 | Create | Archer ×2 |
| 25:46 | Build | Mining Camp |
| 25:52 | Build | Farm |
| 25:54 | Build | Market |
| 26:05 | Age | Castle Age |
| 26:11 | Build | Market |
| 26:39 | Research | Crossbowman (upgrade) |
| 26:39 | Research | Crossbowman (upgrade) |
| 26:45 | Research | Bodkin Arrow |
| 26:45 | Research | Bodkin Arrow |
| 27:36 | Create | Skirmisher ×3 |
| 27:36 | Create | Skirmisher ×3 |
| 29:00 | Create | Villager (Male) |
| 29:00 | Create | Villager (Male) |
| 29:01 | Create | Villager (Male) |
Match timeline
| 1:02 | firefighter25 · first_building Dock |
| 1:03 | linwei81916 · first_building Dock |
| 1:14 | DS_Gitano Urbano · first_building Dock |
| 1:36 | gn02128453 · first_building Dock |
| 2:05 | Sycamore · first_building Dock |
| 5:06 | MZTK | SIRO · first_building Dock |
| 11:45 | linwei81916 · first_building Barracks |
| 11:51 | DS_Gitano Urbano · first_building Barracks |
| 12:25 | DS_Gitano Urbano · age_up feudal |
| 12:36 | DS_Gitano Urbano · first_building Archery Range |
| 13:06 | gn02128453 · first_building Barracks |
| 13:07 | Sycamore · age_up feudal |
| 13:11 | linwei81916 · age_up feudal |
| 13:13 | firefighter25 · age_up feudal |
| 13:14 | linwei81916 · first_building Archery Range |
| 15:09 | gn02128453 · age_up feudal |
| 15:19 | gn02128453 · first_building Stable |
| 16:09 | firefighter25 · wall_segment Palisade Wall x6 |
| 16:10 | firefighter25 · wall_segment Palisade Wall x7 |
| 16:41 | firefighter25 · first_building Barracks |
| 17:11 | MZTK | SIRO · age_up feudal |
| 18:26 | Sycamore · first_market_sell 100 wood |
| 18:48 | firefighter25 · age_up castle |
| 19:06 | gn02128453 · age_up castle |
| 19:08 | firefighter25 · first_building Castle |
| 19:25 | DS_Gitano Urbano · first_market_sell 500 wood |
| 19:25 | DS_Gitano Urbano · first_market_buy 500 food |
| 20:41 | firefighter25 · wall_segment Stone Wall x1 |
| 20:44 | Sycamore · resign |
| 21:47 | firefighter25 · first_building Siege Workshop |
| 22:11 | firefighter25 · wall_segment Palisade Wall x1 |
| 22:13 | firefighter25 · wall_segment Palisade Wall x1 |
| 22:14 | DS_Gitano Urbano · age_up castle |
| 22:37 | firefighter25 · wall_segment Palisade Wall x1 |
| 22:38 | gn02128453 · first_building Monastery |
| 22:38 | firefighter25 · wall_segment Palisade Wall x1 |
| 23:33 | firefighter25 · wall_segment Stone Wall x1 |
| 23:37 | firefighter25 · wall_segment Stone Wall x1 |
| 23:38 | firefighter25 · wall_segment Stone Wall x1 |
| 25:45 | DS_Gitano Urbano · first_building Siege Workshop |
| 26:05 | linwei81916 · age_up castle |
| 26:29 | MZTK | SIRO · first_market_buy 100 food |
| 26:37 | linwei81916 · first_market_sell 100 food |
| 27:16 | gn02128453 · first_building Castle |
| 28:18 | firefighter25 · first_market_buy 100 wood |
| 28:48 | gn02128453 · first_building Siege Workshop |
| 29:17 | MZTK | SIRO · age_up castle |
| 29:21 | DS_Gitano Urbano · first_building Monastery |
[ AI ANALYSIS · 1 CREDIT ]
What really happened in this match?
Wolo.gg analyzes every decision: build order, eco, micro, common mistakes by bracket. Personalized analysis on WhatsApp or Discord in 30 seconds.
Civ guide
Dravidians
Perfil
DS_Gitano Urbano